 Dungeon Crawl Stone Soup version 0.28.0-45-g0d030f2227 (webtiles) character file.

Game seed: 8572102978110637235

5 Iusername the Shield-Bearer (level 1, 0/20 HPs)
             Began as a Minotaur Fighter on Apr 5, 2022.
             Slain by a kobold
             ... wielding a +0 short sword
              (4 damage)
             ... on level 1 of the Dungeon.
             The game lasted 00:00:32 (114 turns).

Iusername the Shield-Bearer (Minotaur Fighter)       Turns: 114, Time: 00:00:32

Health: 0/20       AC:  7    Str: 20    XL:     1   Next: 66%
Magic:  0/0        EV:  9    Int:  5    God:
Gold:   32         SH:  4    Dex:  9    Spells: 0/0 levels left

rFire   . . .      SeeInvis .   a - +0 long sword
rCold   . . .      Faith    .   c - +0 buckler
rNeg    . . .      Spirit   .   b - +0 scale mail
rPois   .          Reflect  .   (helmet restricted)
rElec   .          Harm     .   (no cloak)
rCorr   .          Rampage  .   (no gloves)
Will    .....                   (no boots)
Stlth   ..........              (no amulet)
HPRegen 0.06/turn               (no ring)
MPRegen 0.07/turn               (no ring)

@: no status effects
A: horns 2, retaliatory headbutt
a: no special abilities


You were on level 1 of the Dungeon.
You visited 1 branch of the dungeon, and saw 1 of its levels.

You collected 32 gold pieces.

Inventory:

Hand Weapons
 a - a +0 long sword (weapon)
Armour
 b - a +0 scale mail (worn)
 c - a +0 buckler (worn)
Potions
 d - a potion of might


   Skills:
 + Level 3.7 Fighting
 + Level 2.5 Long Blades
 + Level 3.7 Armour
 + Level 3.8 Shields


You couldn't memorise any spells.
You didn't know any spells.
Your spell library was empty.

Dungeon Overview and Level Annotations

Branches:
Dungeon (1/15)

Altars:


Innate Abilities, Weirdness & Mutations

You have a pair of horns on your head.
You reflexively headbutt those who attack you in melee.


Message History

You barely miss the jackal.
The jackal is moderately wounded.
The jackal bites you but does no damage. x2
The jackal completely misses you. The jackal bites you.
You slash the jackal!
You kill the jackal!
The jackal bites you.
The jackal bites you but does no damage.
You block the kobold's attack.
You barely miss the kobold. You block the jackal's attack.
The kobold hits you but does no damage.
The jackal bites you but does no damage.
You closely miss the kobold. The jackal barely misses you.
The kobold hits you with a +0 short sword.
The jackal bites you but does no damage.
You miss the kobold. You headbutt the kobold.
The kobold is severely wounded.
You block the kobold's attack. The jackal barely misses you.
You block the kobold's attack. The jackal barely misses you.
You closely miss the kobold.
The kobold is severely wounded.
You block the jackal's attack. The kobold hits you but does no damage.
The jackal bites you but does no damage.
You hit the kobold but do no damage.
The kobold is moderately wounded.
The jackal closely misses you.
The kobold hits you with a +0 short sword.
You block the jackal's attack.
The kobold hits you with a +0 short sword.
* * * LOW HITPOINT WARNING * * *
You barely miss the kobold.
The kobold is moderately wounded.
The jackal bites you but does no damage.
The kobold hits you but does no damage.
You closely miss the kobold.
The kobold is moderately wounded.
The jackal closely misses you. You furiously retaliate!
You headbutt the jackal. You block the jackal's attack.
The kobold hits you with a +0 short sword.
You die...

#...# ...# ##..######
.†........ #
##..##############.###
#.>..........#......#
###........#.#.##.#.#
####.............h...#
................@K...#
..##........#.####...#
.........#..#... .....
.........##.##### ###.
.........#... ...... #
...... ..#### ..#


You could see a jackal and a kobold.

Vanquished Creatures
  A goblin (D:1)
  A hobgoblin (D:1)
  A jackal (D:1)
  A ball python (D:1)
  A frilled lizard (D:1)
5 creatures vanquished.

Notes
Turn   | Place    | Note
-------+----------+-------------------------------------------
     0 | D:1      | Iusername the Minotaur Fighter began the quest for the Orb.
     0 | D:1      | Reached XP level 1. HP: 19/19 MP: 0/0
   114 | D:1      | Slain by a kobold

Illustrated notes

Levels and vault maps discovered:
D:1:      minmay_arrival_loop, layout_basic, minmay_misc_feat_alley

Action                   || total
-------------------------++-------
Melee: Long sword        ||    19
       Headbutt          ||     2
Armor: Scale mail        ||    19
Dodge: Dodged            ||    10
Block: Buckler           ||    11
